Map: Bel'Shir Vestige LE (Void)

Players

MaNa - Winner!

  • Race: Protoss Protoss
  • Spawn Location: 11:00

BuCee

  • Race: Terran Terran
  • Spawn Location: 5:00

Event: WCS Austin 2017

VOD

Have the link to the VOD?

Description

Time

  • Played on: April 28, 2017, 1:20 p.m.
  • Length: 5:00

All games in this series

Show
View Real Time Build Order
Export as new Build Order

MaNa Protoss - Winner!

Build Orders: Oracle Opening, Phoenix Opening 

Get SALT Encoding   

  12  0:00  Probe (Chrono Boost)  
  13  0:11  Probe (Chrono Boost)  
  14  0:18  Pylon  
  14  0:22  Probe (Chrono Boost)  
  15  0:36  Probe (Chrono Boost), Gateway  
  16  0:45  Assimilator  
  16  0:47  Probe (Chrono Boost)  
  17  0:57  Probe (Chrono Boost)  
  17  0:58  Assimilator  
  18  1:08  Probe (Chrono Boost)  
  20  1:18  Probe (Chrono Boost)  
  20  1:23  Cybernetics Core  
  20  1:29  Probe (Chrono Boost)  
  20  1:32  Pylon  
  21  1:39  Probe (Chrono Boost)  
  22  1:50  Probe (Chrono Boost)  
  23  2:04  Stargate  
  23  2:06  Adept  
  23  2:08  Nexus  
  23  2:15  Probe (Chrono Boost)  
  26  2:18  Warp Gate  
  26  2:27  Probe (Chrono Boost)  
  26  2:28  Pylon  
  26  2:37  Probe (Chrono Boost), Adept  
  29  2:45  Oracle  
  29  2:49  Probe (Chrono Boost)  
  33  3:01  Probe (Chrono Boost)  
  34  3:06  Adept  
  37  3:13  Probe (Chrono Boost)  
  37  3:20  Probe (Chrono Boost)  
  37  3:25  Mothership Core (Chrono Boost)  
  40  3:31  Probe (Chrono Boost), Phoenix  
  43  3:40  Pylon  
  43  3:41  Probe (Chrono Boost)  
  43  3:43  Probe (Chrono Boost)  
  44  3:52  Probe (Chrono Boost)  
  44  3:54  Probe (Chrono Boost)  
  46  3:56  Phoenix  
  46  4:02  Probe (Chrono Boost)  
  49  4:04  Probe (Chrono Boost)  
  50  4:13  Probe (Chrono Boost)  
  50  4:15  Probe (Chrono Boost)  
  52  4:19  Assimilator  
  52  4:21  Assimilator  
  52  4:23  Probe (Chrono Boost)  
  53  4:25  Phoenix  
  53  4:30  Probe (Chrono Boost)  
  56  4:33  Nexus  
  56  4:34  Probe (Chrono Boost)  
  57  4:44  Probe (Chrono Boost)  
  57  4:45  Twilight Council, Forge, Probe (Chrono Boost)  
  61  4:58  Gateway  
Show
View Real Time Build Order
Export as new Build Order

BuCee Terran 

Build Orders: Reaper Expand 

Get SALT Encoding   

  12  0:01  SCV  
  13  0:15  SCV  
  13  0:19  Supply Depot  
  14  0:28  SCV  
  15  0:36  Refinery  
  15  0:40  SCV  
  16  0:52  Barracks, SCV  
  17  1:04  SCV  
  18  1:17  SCV  
  19  1:42  Orbital Command  
  19  1:45  Reaper  
  20  1:52  Command Center  
  20  2:09  Factory, SCV  
  21  2:20  Barracks Reactor  
  21  2:28  SCV  
  22  2:31  Supply Depot  
  22  2:32  Refinery  
  22  2:40  SCV  
  22  2:42  Engineering Bay  
  23  2:52  Barracks  
  23  2:53  Widow Mine, SCV  
  26  3:03  Marine x2  
  28  3:07  SCV  
  29  3:13  Orbital Command  
  29  3:21  SCV  
  29  3:23  Marine x2  
  32  3:29  Factory Reactor  
  32  3:34  SCV  
  33  3:42  Missile Turret, SCV  
  33  3:47  SCV  
  34  3:50  Marine x2  
  34  3:54  Barracks Reactor  
  36  3:59  Barracks  
  32  4:08  Widow Mine x2  
  31  4:13  SCV  
  30  4:18  Starport  
  30  4:19  SCV  
  31  4:27  SCV  
  32  4:32  Marine x3  
  32  4:36  SCV  
  36  4:42  Missile Turret  
  36  4:45  SCV  
Tags
 
Add a new tag
Caveats
  • Supply blocks, unpowered buildings, or Contaminate may cause inaccurate times.
  • Supply counts are checked every 10 seconds.